 Dungeon Crawl Stone Soup version 0.27-a0-1081-ge8a0a9c698 (webtiles) character file.

Game seed: 17504041615678626234

112 tardwrangler69 the Poker (level 4, 0/35 HPs)
             Began as a Merfolk Gladiator on Apr 25, 2021.
             Slain by an adder (4 damage)
             ... on level 4 of the Dungeon.
             The game lasted 00:02:25 (2492 turns).

tardwrangler69 the Poker (Merfolk Gladiator)        Turns: 2492, Time: 00:02:25

Health: 0/35       AC:  5    Str: 15    XL:     4   Next: 93%
Magic:  4/4        EV: 13    Int:  7    God:
Gold:   159        SH:  0    Dex: 15    Spells: 3/3 levels left

rFire    . . .     SeeInvis .   a - +0 trident
rCold    . . .     Faith    .   (no shield)
rNeg     . . .     Spirit   .   b - +0 leather armour
rPois    .         Reflect  .   c - +0 helmet
rElec    .         Harm     .   (no cloak)
rCorr    .         Rampage  .   l - +0 pair of gloves
Will     .....                  (no boots)
Stlth    +.........             (no amulet)
HPRegen  0.11/turn              (no ring)
MPRegen  0.09/turn              (no ring)

@: lethally poisoned (0 -> -7)
A: (nimble swimmer 2), mertail
a: no special abilities


You were on level 4 of the Dungeon.
You visited 1 branch of the dungeon, and saw 4 of its levels.

You collected 159 gold pieces.

Inventory:

Hand Weapons
 a - a +0 trident (weapon)
Missiles
 d - 3 throwing nets (quivered)
Armour
 b - a +0 leather armour (worn)
 c - a +0 helmet (worn)
 l - a +0 pair of gloves (worn)
Scrolls
 f - a scroll of fog {unknown}
 h - a scroll of enchant armour {unknown}
 i - 2 scrolls of identify {unknown}
 j - a scroll of teleportation {unknown}
 k - a scroll of enchant weapon {unknown}
Potions
 g - a potion of heal wounds {unknown}
 m - a potion of degeneration {unknown}


   Skills:
 + Level 3.2 Fighting
 * Level 6.4 Polearms
 - Level 2.0 Throwing
 + Level 5.0 Dodging


You had 3 spell levels left.
You didn't know any spells.
Your spell library contained the following spells:

 Spells                   Type           Power      Damage    Failure   Level
 Magic Dart               Conj           0%         1d3       50%         1
 Summon Small Mammal      Summ           0%         N/A       50%         1
 Blink                    Tloc           N/A        N/A       65%         2
 Call Imp                 Summ           0%         N/A       65%         2
 Slow                     Hex            0%         N/A       65%         2
 Call Canine Familiar     Summ           0%         N/A       86%         3
 Conjure Flame            Conj/Fire      0%         6-21      86%         3
 Mephitic Cloud           Conj/Pois/Air  0%         N/A       86%         3
 Summon Guardian Golem    Hex/Summ       0%         N/A       86%         3
 Summon Ice Beast         Ice/Summ       0%         N/A       99%         4
 Summon Lightning Spire   Summ/Air       0%         N/A       99%         4


Dungeon Overview and Level Annotations

Branches:
Dungeon (4/15)
 Temple: D:4-7

Altars:
Kikubaaqudgha

Annotations:
D:4 Edmund


Innate Abilities, Weirdness & Mutations

((You are quick and stealthy near water. (Stealth+, EV+, Speed+++)))
Your lower body shifts to a powerful aquatic tail in water.


Message History

The adder bites you.
You are poisoned.
The adder poisons you! Edmund hits you with a +1 vorpal flail!
* * * LOW HITPOINT WARNING * * *
x2 The goblin completely misses you.
You are too injured to fight recklessly!
You are too injured to fight recklessly!
You are too injured to fight recklessly!
You are too injured to fight recklessly!
You are too injured to fight recklessly!
You are too injured to fight recklessly!
You are too injured to fight recklessly!
You are too injured to fight recklessly!
You are too injured to fight recklessly!
You are too injured to fight recklessly!
You are too injured to fight recklessly!
You are too injured to fight recklessly!
You are too injured to fight recklessly!
It was a potion of curing.
You feel better. The adder closely misses you.
Edmund hits you with a +1 vorpal flail. The goblin hits you but does no damage.
Edmund hits you with a +1 vorpal flail.
* * * LOW HITPOINT WARNING * * *
x2 The adder bites you.
* * * LOW HITPOINT WARNING * * *
You are lethally poisoned!
The adder poisons you!
There is an open door here.
You feel better. The adder closely misses you.
Edmund hits you with a +1 vorpal flail.
* * * LOW HITPOINT WARNING * * *
Edmund says, "People will remember me!
They'll remember me and die!"
The goblin hits you with a +0 dagger.
* * * LOW HITPOINT WARNING * * *
There is an open door here.
There is a stone staircase leading up here.
The adder bites you.
* * * LOW HITPOINT WARNING * * *
You are lethally poisoned!
The adder poisons you! The goblin closely misses you. The adder bites you.
You die...

..############........
...............#####.[
#.............'...#
#.............#...##
#.............#.@..#
#.......).....#S...#
#.......@.....#....#
#.....g.......#...####
###..@S.......#...##..
#...........#....#..
#.........[.#....#..
#...........#....'S.
#...........######..
...##+##....... ..#
.... #....... ...#
.... ...... ....#
.....#


You could see Edmund, an adder and a goblin.

Vanquished Creatures
  4 adders
  A worm (D:2)
  4 dart slugs
  4 ball pythons
  8 bats
  3 endoplasms
  A giant cockroach (D:1)
  6 goblins
  7 hobgoblins
  4 jackals
  7 kobolds
  A quokka (D:1)
  3 frilled lizards (D:1)
  9 rats
62 creatures vanquished.

Notes
Turn   | Place    | Note
-------+----------+-------------------------------------------
     0 | D:1      | tardwrangler69 the Merfolk Gladiator began the quest for
                  | the Orb.
     0 | D:1      | Reached XP level 1. HP: 16/16 MP: 1/1
   177 | D:1      | Reached XP level 2. HP: 18/23 MP: 2/2
   251 | D:1      | Found a faded altar of an unknown god.
   267 | D:1      | Reached skill level 5 in Polearms
   479 | D:1      | Reached XP level 3. HP: 28/28 MP: 3/3
  1395 | D:2      | Reached XP level 4. HP: 35/35 MP: 4/4
  1419 | D:2      | Reached skill level 6 in Polearms
  1942 | D:3      | Found an ancient bone altar of Kikubaaqudgha.
  2442 | D:4      | Reached skill level 5 in Dodging
  2463 | D:4      | Noticed Edmund
  2492 | D:4      | Slain by an adder

Illustrated notes

Levels and vault maps discovered:
D:1:      onia_arrival_mini_spirals, layout_loops_ring,
          ebering_ecumenical_altar_abandoned
D:2:      layout_basic, kennysheep_decorative_pillar,
          minmay_misc_feat_more_columns
D:3:      layout_rooms, lemuel_crystal_altar
D:4:      layout_gridville, kennysheep_mini, uniq_sigmund, uniq_edmund,
          uniq_crazy_yiuf_cottage

Skill      XL: |  1  2  3  4 |
---------------+-------------+-----
Polearms       | 5 6 |  6.4
Fighting       | 3 |  3.2
Dodging        | 5 |  5.0
Throwing       | |  2.0

Action                   |  1- 3 |  4- 6 || total
-------------------------+-------+-------++-------
Melee: Trident           |   106 |    77 ||   183
  Use: Potion            |       |     2 ||     2
 Stab: Sleeping          |     2 |     2 ||     4
Armor: Leather armour    |    19 |    23 ||    42
Dodge: Dodged            |    44 |    37 ||    81

Table legend: (Time is in decaauts)
 A = Elapsed time spent in this place.
 B = Non-inter-level travel time spent in this place.
 C = Inter-level travel time spent in this place.
 D = Time resting spent in this place.
 E = Time spent auto-exploring this place.
 F = Levels seen in this place.
 G = Mean time per level.
                   A        B        C        D        E       F      G
               +--------+--------+--------+--------+--------+-----+--------+
         Total |   2495 |   2443 |     52 |      0 |   2065 |   4 |  623.8 |
       Dungeon |   2495 |   2443 |     52 |      0 |   2065 |   4 |  623.8 |
               +--------+--------+--------+--------+--------+-----+--------+

Top non-repeatable levels by time:
     D:2: 1023 daAuts
     D:1: 922 daAuts
     D:3: 496 daAuts
     D:4: 52 daAuts
